 Dungeon Crawl Stone Soup version 0.28.0-53-g5a82cb258f (webtiles) character file.

Game seed: 17881636750052906606

75 SanguineChosen the Chopper (level 4, -2/41 HPs)
             Began as a Minotaur Berserker on Aug 7, 2022.
             Was a Believer of Trog.
             Slain by an ogre
             ... wielding a +0 giant club
              (13 damage)
             ... on level 3 of the Dungeon.
             The game lasted 00:05:44 (1511 turns).

SanguineChosen the Chopper (Minotaur Berserker)     Turns: 1511, Time: 00:05:44

Health: -2/41      AC:  9    Str: 23    XL:     4   Next: 11%
Magic:  3/3        EV:  8    Int:  4    God:    Trog [**....]
Gold:   47         SH:  0    Dex: 10    Spells: 3/3 levels left

rFire   . . .      SeeInvis .   a - +0 hand axe
rCold   . . .      Faith    .   (no shield)
rNeg    . . .      Spirit   .   g - +0 chain mail
rPois   .          Reflect  .   (helmet restricted)
rElec   .          Harm     .   (no cloak)
rCorr   .          Rampage  .   (no gloves)
Will    ++...                   (no boots)
Stlth   ..........              (no amulet)
HPRegen 1.13/turn               (no ring)
MPRegen 0.08/turn               (no ring)

@: about to teleport, strong-willed, regenerating
A: horns 2, retaliatory headbutt
a: Renounce Religion, Berserk, Trog's Hand


You were on level 3 of the Dungeon.
You worshipped Trog.
Trog was pleased with you.
You visited 1 branch of the dungeon, and saw 3 of its levels.

You collected 47 gold pieces.

Inventory:

Hand Weapons
 a - a +0 hand axe (weapon)
Armour
 g - a +0 chain mail (worn)
Jewellery
 f - an amulet of magic regeneration
Scrolls
 c - a scroll of teleportation
Potions
 b - a potion of magic {unknown}
 d - a potion of cancellation {unknown}
 e - a potion of curing {unknown}


   Skills:
 + Level 4.6 Fighting
 + Level 4.8 Axes
 + Level 2.9 Armour
 + Level 2.5 Dodging


You had 3 spell levels left.
You didn't know any spells.
Your spell library was empty.

Dungeon Overview and Level Annotations

Branches:
Dungeon (3/15)

Altars:


Innate Abilities, Weirdness & Mutations

You have a pair of horns on your head.
You reflexively headbutt those who attack you in melee.


Message History

You hit the adder. Your headbutt misses the adder.
The adder is almost dead.
The adder closely misses you. You furiously retaliate!
You headbutt the adder!
You kill the adder!
Trog accepts your kill.
You have reached level 4!
You feel agile.
You hit the endoplasm. Your headbutt misses the endoplasm.
The endoplasm is moderately wounded.
The endoplasm freezes you.
You are frozen.
You hit the endoplasm.
The endoplasm is severely wounded.
The endoplasm hits you but does no damage.
You completely miss the endoplasm. You headbutt the endoplasm.
You punch the endoplasm.
You kill the endoplasm!
Trog accepts your kill.
You see here an adder corpse.
You now have 47 gold pieces (gained 8).
An ogre comes into view. It is wielding a +0 giant club.
The ogre shouts!
Your skin crawls.
You feel strong-willed.
You hit the ogre. You headbutt the ogre!
The ogre is heavily wounded.
The ogre hits you with a +0 giant club!
You slash the ogre!
The ogre is almost dead.
The ogre hits you with a +0 giant club!!
Ouch! That really hurt!
* * * LOW HITPOINT WARNING * * *
Unknown command.
As you read the scroll of teleportation, it crumbles to dust.
You feel strangely unstable. The ogre hits you with a +0 giant club.
* * * LOW HITPOINT WARNING * * *
You barely miss the ogre.
The ogre is almost dead.
The ogre hits you with a +0 giant club!
You die...

#.# #.# #.#.# ###.#
#.#.# ..#.# #.#.#
###.#.# #.#.#
...#.#######
#.#.#.####..#.......#
#.#.#...O...#.####.##
#.#.#######.#†.# #.#
#.......@O.....# #.#
.#########.###.######.#
#.# #..........#
#.#......# #.#
############ #.#.######
#.# #.#.# #.# #.#.# #.#
#.#.# #.# #.#.# #.#
..#.# #.#


You could see an ogre.

Vanquished Creatures
  A gnoll (D:1)
  2 adders
  A worm (D:2)
  An orc (D:2)
  4 bats
  6 endoplasms
  A giant cockroach (D:1)
  2 goblins
  3 hobgoblins
  7 jackals (D:2)
  A quokka (D:2)
  4 ball pythons
  3 frilled lizards (D:2)
  3 kobolds
  A rat (D:1)
40 creatures vanquished.

Notes
Turn   | Place    | Note
-------+----------+-------------------------------------------
     0 | D:1      | SanguineChosen the Minotaur Berserker began the quest for
                  | the Orb.
     0 | D:1      | Reached XP level 1. HP: 19/19 MP: 0/0
    51 | D:1      | Reached XP level 2. HP: 24/27 MP: 1/1
   192 | D:1      | Found a faded altar of an unknown god.
   719 | D:2      | Reached XP level 3. HP: 33/33 MP: 2/2
   867 | D:2      | Reached ** piety under Trog
  1437 | D:3      | Reached XP level 4. HP: 41/41 MP: 3/3
  1501 | D:3      | Noticed an ogre
  1511 | D:3      | Slain by an ogre

Illustrated notes

Levels and vault maps discovered:
D:1:      saegor_arrival_simple_a, layout_rooms,
          shapermc_ecumenical_altar_notcrosses, solitary_fountain
D:2:      layout_basic
D:3:      layout_basic, corner_web_ring, chequers_serial_rivers_micro_a,
          minmay_misc_feat_x

Skill      XL: |  1 |
---------------+----+-----
Fighting       | 4 |  4.6
Axes           | 4 |  4.8
Armour         | |  2.9
Dodging        | |  2.5

Action                   |  1- 3 |  4- 6 || total
-------------------------+-------+-------++-------
Melee: Hand axe          |    75 |     6 ||    81
       Headbutt          |    10 |     2 ||    12
       Punch             |       |     1 ||     1
Invok: Trog's Hand       |       |     1 ||     1
  Use: Scroll            |     2 |     1 ||     3
Armor: Ring mail         |     5 |       ||     5
       Chain mail        |    24 |     1 ||    25
Dodge: Dodged            |    33 |       ||    33
